AoeStats
← AOE2.GG | NONO

Lombardia

510255268Analyzed
4v4 RM · 9h ago on Sep 30, 2026· 15m 11s· 8 players
Game mode
Random Map
Map size
Large (8 player)
Population
200
Speed
Normal
Resources
Standard
Victory
Conquest
Starting age
Dark Age
Ending age
Imperial Age
RankedLock teamsTeams togetherTeam positionsShared explorationLock speedFull tech treeHidden civsTurbo modeCheats
Victory
Defeat
🇨🇦 Poles · Canada
1612
+8
🇺🇸 Spanish · United States
1510
+12
🇨🇦 Mapuche · Canada
1424
+16
🇺🇸 Hindustanis · United States
1236
+23
🇨🇳 Britons · China
1500
-18
🇨🇳 Cumans · China
1440
-16
🇩🇪 Khmer · Germany
1380
-13
🇲🇽 Mongols · Mexico
1353
-12
不会打弓
4:54 Loom
8:35 Feudal Age
9:07 Double-Bit Axe
9:16 Horse Collar
超级硬邦邦
7:44 Loom
10:25 Feudal Age
11:41 Double-Bit Axe
AOE2.GG | NONO
8:47 Loom
10:33 Feudal Age
12:33 Double-Bit Axe
15:23 Castle Age
13:41 Horse Collar
Seifer
8:36 Feudal Age
7:12 Loom
9:09 Double-Bit Axe
9:49 Town Watch
12:41 Horse Collar
16:15 Castle Age
Hebron
9:07 Feudal Age
8:34 Loom
10:01 Double-Bit Axe
9:57 Horse Collar
14:49 Forging
BurgeeBoy
11:16 Feudal Age
15:32 Castle Age
13:53 Double-Bit Axe
13:50 Horse Collar
randy pan
6:24 Loom
9:16 Feudal Age
9:48 Double-Bit Axe
9:44 Horse Collar
13:54 Forging
Squittlez
11:36 Feudal Age
10:25 Loom
16:26 Castle Age
14:32 Fletching
14:56 Double-Bit Axe
Connection lost

Rejoining the realm…

Still unreachable

The connection could not be restored.

Session expired

The server has moved on; the page needs a fresh start.